 Dungeon Crawl Stone Soup version 0.30-a0-715-gdb4ae3ece1 (webtiles) character file.

Game seed: 12589397931130166774

64 freelancePsychic the Sneak (level 3, 0/16 HPs)
             Began as a Felid Wanderer on Jan 24, 2023.
             Was an Initiate of Kikubaaqudgha.
             Splashed by a jelly's acid (10 damage)
             ... on level 4 of the Dungeon.
             The game lasted 00:04:24 (2448 turns).

freelancePsychic the Sneak (Felid Wanderer)         Turns: 2448, Time: 00:04:25

Health: 0/16       AC: -11   Str:  4    XL:     3   Next: 91%
Magic:  7/7        EV: 18    Int: 14    God:    Kikubaaqudgha [......]
Gold:   171        SH:  0    Dex: 20    Spells: 5/6 levels left
                                        Lives:  0   Deaths: 1

rFire   . . .      SeeInvis +      - Unarmed
rCold   + . .      Faith    .    (shield unavailable)
rNeg    . . .      Spirit   .    (body armour unavailable)
rPois   .          Reflect  .    (helmet unavailable)
rElec   .          Harm     .    (cloak unavailable)
rCorr   .          Rampage  .    (gloves unavailable)
Will    .....                    (boots unavailable)
Stlth   +++                      n - amulet of regeneration
HPRegen 1.02/turn                l - ring of protection from cold
MPRegen 0.10/turn                (no ring)

@: corroded, quick
A: very small, claws 1, fangs 3, see invisible, speed 1, shaggy fur 1, stealthy
paws, no weapons or thrown items, no armour, multi-lived
a: Renounce Religion


You were on level 4 of the Dungeon.
You worshipped Kikubaaqudgha.
Kikubaaqudgha was noncommittal.
You visited 2 branches of the dungeon, and saw 6 of its levels.

You collected 171 gold pieces.

Inventory:

Jewellery
 l - a ring of protection from cold (left paw)
 m - a ring of see invisible
 n - an amulet of regeneration (around neck)
Scrolls
 b - 2 scrolls of fear
 c - a scroll of teleportation {@r4}
 g - a scroll of noise
 i - a scroll of immolation
 o - a scroll of blinking {unknown}
Potions
 a - 3 potions of berserk rage
 d - 2 potions of degeneration {unknown}
 e - a potion of resistance {unknown}
 f - 2 potions of curing {unknown}
 h - a potion of attraction {unknown}
 j - a potion of brilliance {unknown}
 k - a potion of lignification {unknown}


   Skills:
 + Level 2.2 Fighting
 - Level 3.0 Dodging
 * Level 4.3 Stealth
 - Level 4.0 Unarmed Combat
 - Level 2.0 Spellcasting
 + Level 0.0 Necromancy
 - Level 1.1 Transmutations
 - Level 1.1 Evocations


You had 5 spell levels left.
You knew the following spells:

 Your Spells              Type           Power      Damage    Failure   Level
a - Sting                 Tmut/Pois      8%         1d3       19%         1

Your spell library contained the following spells:

 Spells                   Type           Power      Damage    Failure   Level
 Spider Form              Tmut/Pois      2%         N/A       50%         3


Dungeon Overview and Level Annotations

Branches:
Dungeon (5/15)             Temple (1/1) D:5

Altars:
Ashenzari
Cheibriados
Elyvilon
Gozag
Kikubaaqudgha
Nemelex Xobeh
Okawaru
Ru
Sif Muna
Trog
Uskayaw
Vehumet
Xom
Yredelemnul
Zin
The Shining One

Annotations:
D:2 exclusion: adder
D:3 5 exclusions


Innate Abilities, Weirdness & Mutations

You have sharp claws.
You have razor-sharp teeth.
You have supernaturally acute eyesight. (SInv)
You cover ground quickly. (Speed+)
You are covered in fur. (AC +1)
Your paws help you pounce on unaware monsters.
You are incapable of wielding weapons or throwing items.
You cannot wear armour.
You gain extra lives every three experience levels.


Message History

Where to? (Enter - D:3 @ (x,y), ? - help)
There is a stone staircase leading down here.
You climb downwards.
There is a stone staircase leading up here.
Found a staircase to the Ecumenical Temple.
f - 2 smoky clear potions (gained 1)
Found a whip.
You see here a +0 whip.
A jelly comes into view.
Found 6 gold pieces.
The jelly quivers.
There is a staircase to the Ecumenical Temple here.
You climb downwards.
Welcome to the Ecumenical Temple!
Found four altars.
There is a staircase back to the Dungeon here.
Found three altars.
Found a broken altar of Ashenzari and a shimmering blue altar of Sif Muna.
There is a basalt altar of Yredelemnul here.
There is a staircase back to the Dungeon here.
Found three altars.
Found two altars.
Done exploring.
Done exploring.
There is an ancient bone altar of Kikubaaqudgha here.
You sit before the altar of Kikubaaqudgha.
You have lost your religion!
Kikubaaqudgha welcomes you!
There is a staircase back to the Dungeon here.
You climb upwards.
Welcome back to the Dungeon!
The jelly hits you. The acid corrodes you!
You are splashed with acid!
Ouch! That really hurt!
There is a staircase to the Ecumenical Temple here.
There is a stone staircase leading up here.
The jelly hits you. The acid corrodes you!
You are splashed with acid.
You climb upwards.
There is a stone staircase leading down here.
The jelly hits you. The acid corrodes you!
You are splashed with acid!
Ouch! That really hurt!
You die...
Kikubaaqudgha rasps: "You have failed me!
Welcome... death!"

#........# #........#
#<.......# #........#
#...[....# ######## #
#........# #......# g#
##........# ##......## J..
#.........## #J..<....# ...#
#..........# #>@#...#.## ....#
#..........# ##.##..#..#.....#
#..........####.##...#.......#
#............##..##...###.....
#.........##..##.##.#.# ....
#####..##.###....##.#.# ...
#...#...###.....#.# ..
##...##.# #.##..#.#####...
##.....###.............


You could see a jelly.

Vanquished Creatures
  A jelly (D:4)
  2 adders (D:3)
  3 dart slugs
  An orc (D:3)
  9 ball pythons
  An endoplasm (D:3)
  6 giant cockroaches
  5 goblins
  3 hobgoblins
  5 kobolds
  3 quokkas
  2 bats
  4 frilled lizards
  6 rats
51 creatures vanquished.

Notes
Turn   | Place    | Note
-------+----------+-------------------------------------------
     0 | D:1      | freelancePsychic the Felid Wanderer began the quest for the
                  | Orb.
     0 | D:1      | freelancePsychic set off with the following items: a potion
                  | of berserk rage, a scroll of fear, a scroll of
                  | teleportation {@r4}; and the following spell memorised:
                  | Sting; and the following spells available to memorise:
                  | Spider Form.
     0 | D:1      | Reached XP level 1. HP: 9/9 MP: 4/4
   131 | D:1      | Reached skill level 1 in Stealth
   210 | D:1      | Reached XP level 2. HP: 10/12 MP: 6/6
  1026 | D:2      | Reached XP level 3. HP: 8/15 MP: 7/7
  1902 | D:3      | Reached XP level 4. HP: 19/19 MP: 8/8
  2030 | D:3      | Found a sacrificial altar of Ru.
  2035 | D:3      | Became a worshipper of Ru the Awakened
  2046 | D:3      | Found an iron altar of Okawaru.
  2196 | D:4      | Splashed by a jelly's acid
  2197 | D:4      | Reached XP level 3. HP: 0/16 MP: 7/7
  2308 | D:5      | Entered Level 5 of the Dungeon
  2316 | D:5      | Found a staircase to the Ecumenical Temple.
  2356 | Temple   | Entered the Ecumenical Temple
  2414 | Temple   | Fell from the grace of Ru
  2414 | Temple   | Became a worshipper of Kikubaaqudgha
  2448 | D:4      | Splashed by a jelly's acid

Illustrated notes

Levels and vault maps discovered:
D:1:      lightli_arrival_quake, layout_rooms, nrook_mini_backslash,
          minmay_domino_2
D:2:      layout_loops_ring
D:3:      layout_rooms, mainiacjoe_overflow_swirl,
          hangedman_abyss_or_decor_stabs
D:4:      layout_rooms, dreamdust_princess_bridge, uniq_grinder
D:5:      layout_basic, minmay_temple_entry_overgrown, hangedman_minor_gate_pass
Temple:   zaba_magenta_temple

Skill      XL: |  1  2  3 |
---------------+----------+-----
Stealth        | 1 2 4 |  4.3
Dodging        | 2 3 |  3.0
Fighting       | 2 |  2.2
Unarmed Combat | |  4.0
Spellcasting   | |  2.0
Transmutations | |  1.1
Evocations     | |  1.1

Action                     |  1- 3 |  4- 6 || total
---------------------------+-------+-------++-------
  Melee: Unarmed           |   124 |    11 ||   135
         Bite              |    12 |       ||    12
         Punch             |     3 |       ||     3
    Use: Scroll            |     2 |       ||     2
   Stab: Sleeping          |     6 |     1 ||     7
         Distracted        |     1 |     1 ||     2
 Armour: Skin              |     4 |     1 ||     5
  Dodge: Dodged            |    70 |     4 ||    74

Table legend: (Time is in decaauts)
 A = Elapsed time spent in this place.
 B = Non-inter-level travel time spent in this place.
 C = Inter-level travel time spent in this place.
 D = Time resting spent in this place.
 E = Time spent auto-exploring this place.
 F = Levels seen in this place.
 G = Mean time per level.
                   A        B        C        D        E       F      G
               +--------+--------+--------+--------+--------+-----+--------+
         Total |   2030 |   1893 |    137 |     37 |   1288 |   6 |  338.3 |
       Dungeon |   1969 |   1845 |    124 |     37 |   1248 |   5 |  393.8 |
        Temple |     61 |     49 |     12 |      0 |     40 |   1 |   61.0 |
               +--------+--------+--------+--------+--------+-----+--------+

Top non-repeatable levels by time:
     D:2: 716 daAuts
     D:1: 602 daAuts
     D:3: 427 daAuts
     D:4: 170 daAuts
  Temple: 61 daAuts
     D:5: 52 daAuts
